AoeStats
← Just a chill guy

Arabian Desert

510464917Analyzed
1v1 RM · 1d ago on Oct 1, 2026· 59m 49s· 2 players
Game mode
Random Map
Map size
Tiny (2 player)
Population
200
Speed
Normal
Resources
Standard
Victory
Conquest
Starting age
Dark Age
Ending age
Imperial Age
RankedLock teamsTeams togetherTeam positionsShared explorationLock speedFull tech treeHidden civsTurbo modeCheats
Victory
Defeat
🇬🇧 Varangians · United Kingdom
1148
+18
🇦🇷 Romans · Argentina
1189
-18
Marcox
10:09 Feudal Age
11:31 Loom
11:08 Man-at-Arms
12:19 Scale Mail Armor
17:01 Double-Bit Axe
24:25 Castle Age
24:18 Gold Mining
26:11 Long Swordsman
27:54 Chain Mail Armor
28:33 Forging
30:11 Iron Casting
29:38 Squires
30:30 Bow Saw
30:51 Horse Collar
33:38 Gold Shaft Mining
34:42 Ballistics
39:01 Imperial Age
41:19 Wheelbarrow
40:47 Pikeman
45:30 Hand Cart
46:38 Town Watch
48:28 Stone Mining
50:40 Fletching
52:41 Ballistas
57:21 Siege Engineers
Just a chill guy
6:25 Loom
9:04 Feudal Age
11:34 Bloodlines
23:56 Castle Age
22:32 Scale Barding Armor
23:42 Forging
24:25 Light Cavalry
26:45 Double-Bit Axe
28:37 Scale Mail Armor
34:47 Iron Casting
40:56 Chain Mail Armor
41:04 Chain Barding Armor
42:34 Horse Collar
44:19 Fletching
45:34 Bodkin Arrow
49:45 Imperial Age
47:45 Town Watch
48:28 Husbandry
48:50 Chain Mail Armor
49:46 Elite Jarl
Connection lost

Rejoining the realm…

Still unreachable

The connection could not be restored.

Session expired

The server has moved on; the page needs a fresh start.